General information
- name: BNet
- type: Ladder team game (AT/RT)
- host: Battle.net
- saver: Boudinage
map: Cherryville
- players: 8
- length: 22:16
- speed: Fast
- version: 1.24 W3XP
- replay type: Public
» download(161 KB)
Players
team 1 (loser)
TheRAE (
green | 54 APM | 1168 actions | 21:47)
4 Mountain King
2 Storm Bolt
2 Bash
3 Archmage
2 Blizzard
1 Brilliance Aura
» actions
| Assign group hotkey | 44 | |
| Build / train | 90 | |
| Enter build submenu | 24 | |
| Enter hero's abilities submenu | 7 | |
| Remove unit from queue | 3 | |
| Right click | 365 | |
| Select / deselect | 387 | |
| Select group hotkey | 182 | |
| Use ability | 66 | |
1168 total
» units
| Peasant | 12 | |
| Footman | 9 | |
| Priest | 7 | |
| Gryphon Rider | 11 | |
| Sorceress | 2 | |
| Dragonhawk Rider | 3 | |
| Rifleman | 4 | |
| Spell Breaker | 1 | |
49 total
» upgrades
| Defend | 1 | |
| Plating | 1 | |
| Swords | 2 | |
| Priest Training | 2 | |
| Animal War Training | 1 | |
| Lumber Harvesting | 1 | |
| Storm Hammers | 1 | |
| Armor | 2 | |
| Masonry | 1 | |
| Cloud | 1 | |
| Gunpowder | 1 | |
14 total
» buildings
| Altar of Kings | 1 | |
| Farm | 10 | |
| Barracks | 1 | |
| Lumber Mill | 1 | |
| Scout Tower | 4 | |
| Arcane Tower | 1 | |
| Arcane Vault | 1 | |
| Guard Tower | 3 | |
| Keep | 1 | |
| Blacksmith | 1 | |
| Arcane Sanctum | 1 | |
| Castle | 1 | |
| Gryphon Aviary | 2 | |
| Town Hall | 1 | |
29 total
» build order
00:17 Altar of Kings
00:32 Farm
00:48 Barracks
01:11 Farm
01:20 Lumber Mill
01:47 Farm
01:53 Scout Tower
02:26 Arcane Tower
02:44 Farm
03:21 Arcane Vault
03:31 Scout Tower
03:36 Scout Tower
03:37 Farm
03:59 Guard Tower
04:05 Guard Tower
04:14 Farm
04:41 Keep
05:25 Blacksmith
06:07 Farm
07:34 Arcane Sanctum
08:33 Castle
09:02 Gryphon Aviary
10:57 Town Hall
11:39 Gryphon Aviary
12:24 Farm
13:15 Farm
16:56 Scout Tower
17:26 Guard Tower
19:47 Farm
» items
| Lesser Clarity Potion | 2 | |
| Scroll of Town Portal | 2 | |
| Potion of Healing | 2 | |
| Scroll of Regeneration | 1 | |
| Scroll of Protection | 1 | |
8 total
magib (
red | 31 APM | 677 actions | 21:45)
4 Blademaster
2 Wind Walk
2 Critical Strike
3 Shadow Hunter
1 Hex
2 Healing Wave
» actions
| Assign group hotkey | 7 | |
| Build / train | 61 | |
| Enter build submenu | 24 | |
| Enter hero's abilities submenu | 7 | |
| Right click | 267 | |
| Select / deselect | 207 | |
| Select group hotkey | 35 | |
| Use ability | 69 | |
677 total
» units
| Peon | 7 | |
| Grunt | 4 | |
| Raider | 7 | |
| Kodo Beast | 2 | |
| Shaman | 3 | |
| Troll Witch Doctor | 3 | |
26 total
» upgrades
| Berserker Strength | 1 | |
| Melee Weapons | 3 | |
| Armor | 3 | |
| Ensnare | 1 | |
| Troll Regeneration | 1 | |
| Pillage | 1 | |
| War Drums Damage Increase | 1 | |
| Shaman Training | 2 | |
| Witch Doctor Training | 2 | |
15 total
» buildings
| Altar of Storms | 1 | |
| Orc Burrow | 7 | |
| Barracks | 1 | |
| War Mill | 1 | |
| Voodoo Lounge | 2 | |
| Stronghold | 1 | |
| Beastiary | 2 | |
| Fortress | 1 | |
| Spirit Lodge | 2 | |
| Watch Tower | 2 | |
20 total
» build order
00:15 Altar of Storms
00:22 Orc Burrow
00:38 Barracks
01:35 Orc Burrow
02:11 War Mill
02:22 Voodoo Lounge
03:12 Stronghold
03:55 Orc Burrow
05:49 Beastiary
09:35 Orc Burrow
09:37 Orc Burrow
11:01 Fortress
12:43 Orc Burrow
13:45 Orc Burrow
16:02 Spirit Lodge
16:09 Spirit Lodge
16:24 Voodoo Lounge
19:14 Beastiary
19:28 Watch Tower
19:31 Watch Tower
» items
| Healing Salve | 3 | |
| Lesser Clarity Potion | 3 | |
| Scroll of Town Portal | 1 | |
| Potion of Healing | 1 | |
| Scroll of Speed | 1 | |
9 total

»
marcomase (
orange | 57 APM | 1272 actions | 22:13)
3 Goblin Tinker
2 Cluster Rockets
1 Engineering Upgrade
» actions
| Basic commands | 5 | |
| Build / train | 50 | |
| Enter build submenu | 14 | |
| Enter hero's abilities submenu | 4 | |
| Right click | 816 | |
| Select / deselect | 329 | |
| Use ability | 54 | |
1272 total
» units
| Acolyte | 3 | |
| Ghoul | 3 | |
| Crypt Fiend | 15 | |
| Banshee | 4 | |
| Gargoyle | 1 | |
26 total
» upgrades
| Creature Carapace | 2 | |
| Creature Attack | 3 | |
| Web | 1 | |
| Burrow | 1 | |
| Banshee Training | 2 | |
9 total
» buildings
| Ziggurat | 6 | |
| Crypt | 2 | |
| Altar of Darkness | 1 | |
| Graveyard | 1 | |
| Nerubian Tower | 2 | |
| Halls of the Dead | 1 | |
| Tomb of Relics | 1 | |
| Temple of the Damned | 1 | |
| Black Citadel | 2 | |
17 total
» build order
00:07 Ziggurat
00:12 Crypt
01:00 Altar of Darkness
01:37 Graveyard
02:12 Ziggurat
02:29 Nerubian Tower
03:13 Halls of the Dead
03:41 Crypt
03:57 Tomb of Relics
04:57 Ziggurat
05:38 Temple of the Damned
07:21 Ziggurat
11:42 Black Citadel
11:42 Black Citadel
12:29 Ziggurat
12:30 Nerubian Tower
12:36 Ziggurat
» items
| Scroll of Town Portal | 4 | |
| Potion of Healing | 1 | |
| Lesser Clarity Potion | 1 | |
6 total
N.Kljajic (
teal | 57 APM | 1239 actions | 21:48)
3 Blademaster
2 Wind Walk
1 Critical Strike
» actions
| Assign group hotkey | 45 | |
| Build / train | 68 | |
| Enter build submenu | 16 | |
| Enter hero's abilities submenu | 3 | |
| Give item / drop item | 1 | |
| Right click | 454 | |
| Select / deselect | 239 | |
| Select group hotkey | 348 | |
| Use ability | 65 | |
1239 total
» units
| Peon | 9 | |
| Grunt | 14 | |
| Raider | 9 | |
| Tauren | 6 | |
| Troll Batrider | 7 | |
45 total
» upgrades
| Melee Weapons | 2 | |
| Armor | 1 | |
| Berserker Strength | 1 | |
| Ensnare | 1 | |
| Pillage | 1 | |
| Pulverize | 1 | |
7 total
» buildings
| Altar of Storms | 1 | |
| Orc Burrow | 6 | |
| Barracks | 1 | |
| Voodoo Lounge | 1 | |
| War Mill | 1 | |
| Stronghold | 1 | |
| Beastiary | 1 | |
| Fortress | 1 | |
| Tauren Totem | 1 | |
| Great Hall | 1 | |
15 total
» build order
00:12 Altar of Storms
00:22 Orc Burrow
00:42 Barracks
01:50 Voodoo Lounge
02:10 War Mill
02:28 Orc Burrow
02:46 Orc Burrow
04:03 Stronghold
06:02 Orc Burrow
06:25 Orc Burrow
06:31 Beastiary
06:54 Fortress
11:52 Orc Burrow
12:07 Tauren Totem
19:37 Great Hall
» items
| Healing Salve | 2 | |
| Lesser Clarity Potion | 3 | |
| Scroll of Speed | 1 | |
| Orb of Lightning | 1 | |
| Potion of Healing | 1 | |
| Scroll of Town Portal | 2 | |
10 total
team 2 (winner)
Krustenkaese11 (
yellow | 33 APM | 723 actions | 22:14)
3 Warden
2 Fan of Knives
1 Shadow Strike
4 Keeper of the Grove
2 Entangling Roots
2 Thorns Aura
» actions
| Assign group hotkey | 4 | |
| Build / train | 47 | |
| Enter build submenu | 16 | |
| Enter hero's abilities submenu | 7 | |
| Remove unit from queue | 3 | |
| Right click | 345 | |
| Select / deselect | 235 | |
| Select group hotkey | 2 | |
| Use ability | 64 | |
723 total
» units
| Wisp | 21 | |
| Archer | 7 | |
| Hippogryph | -1 | |
27 total
» upgrades
| Improved Bows | 1 | |
| Strength of the Moon | 1 | |
| Hippogryph Taming | 1 | |
| Moon Armor | 2 | |
5 total
» buildings
| Moon Well | 5 | |
| Altar of Elders | 2 | |
| Ancient of War | 1 | |
| Ancient of Wonders | 1 | |
| Tree of Ages | 1 | |
| Hunter's Hall | 1 | |
| Tree of Eternity | 1 | |
| Ancient of Wind | 1 | |
| Ancient Protector | 3 | |
| Tree of Life | 1 | |
17 total
» build order
00:11 Moon Well
00:18 Altar of Elders
01:02 Ancient of War
01:22 Moon Well
01:37 Ancient of Wonders
03:09 Tree of Ages
03:39 Moon Well
04:39 Hunter's Hall
05:31 Tree of Eternity
05:34 Ancient of Wind
06:09 Moon Well
11:51 Ancient Protector
11:54 Ancient Protector
12:04 Ancient Protector
16:12 Tree of Life
20:02 Moon Well
20:07 Altar of Elders
» items
| Potion of Lesser Invulnerability | 1 | |
1 total
Boudinage (
pink | 82 APM | 1833 actions | 22:16)
6 Mountain King
3 Storm Bolt
2 Bash
1 Avatar
» actions
| Assign group hotkey | 102 | |
| Basic commands | 73 | |
| Build / train | 74 | |
| Enter build submenu | 28 | |
| Enter hero's abilities submenu | 6 | |
| Right click | 620 | |
| Select / deselect | 412 | |
| Select group hotkey | 441 | |
| Use ability | 77 | |
1833 total
» units
| Peasant | 15 | |
| Footman | 9 | |
| Mortar Team | 4 | |
| Siege Engine | 3 | |
| Knight | 6 | |
37 total
» upgrades
| Masonry | 3 | |
| Lumber Harvesting | 1 | |
| Gunpowder | 2 | |
| Fragmentation Shards | 1 | |
| Barrage | 1 | |
| Animal War Training | 1 | |
| Swords | 3 | |
12 total
» buildings
| Altar of Kings | 1 | |
| Farm | 12 | |
| Barracks | 2 | |
| Scout Tower | 6 | |
| Arcane Tower | 3 | |
| Town Hall | 1 | |
| Keep | 1 | |
| Lumber Mill | 1 | |
| Arcane Vault | 1 | |
| Blacksmith | 1 | |
| Guard Tower | 2 | |
| Castle | 1 | |
| Workshop | 3 | |
35 total
» build order
00:06 Altar of Kings
00:24 Farm
00:43 Barracks
00:55 Farm
01:29 Scout Tower
01:51 Scout Tower
02:11 Arcane Tower
02:27 Arcane Tower
02:30 Farm
02:43 Farm
04:41 Town Hall
04:49 Scout Tower
04:53 Keep
05:53 Arcane Tower
05:55 Scout Tower
06:02 Lumber Mill
06:24 Scout Tower
06:26 Scout Tower
06:31 Arcane Vault
06:38 Blacksmith
07:09 Guard Tower
07:34 Guard Tower
08:23 Castle
09:01 Workshop
09:04 Workshop
09:13 Workshop
09:49 Farm
10:45 Farm
12:54 Farm
13:04 Farm
13:34 Barracks
16:03 Farm
17:10 Farm
17:11 Farm
19:27 Farm
» items
| Scroll of Regeneration | 1 | |
| Rod of Necromancy | 1 | |
| Sacrificial Skull | 1 | |
| Potion of Healing | 3 | |
| Potion of Mana | 2 | |
| Scroll of Town Portal | 2 | |
| Lesser Clarity Potion | 1 | |
11 total
rullralle (
blue | 76 APM | 1694 actions | 22:13)
6 Warden
2 Shadow Strike
3 Fan of Knives
1 Spirit of Vengeance
» actions
| Assign group hotkey | 40 | |
| Basic commands | 37 | |
| Build / train | 60 | |
| Enter build submenu | 12 | |
| Enter hero's abilities submenu | 6 | |
| Remove unit from queue | 5 | |
| Right click | 749 | |
| Select / deselect | 311 | |
| Select group hotkey | 376 | |
| Use ability | 98 | |
1694 total
» units
| Wisp | 15 | |
| Dryad | 14 | |
| Druid of the Claw | 4 | |
33 total
» upgrades
| Strength of the Wild | 3 | |
| Reinforced Hides | 2 | |
| Druid of the Claw Training | 2 | |
| Abolish Magic | 1 | |
| Mark of the Claw | 1 | |
9 total
» buildings
| Altar of Elders | 1 | |
| Moon Well | 7 | |
| Tree of Ages | 1 | |
| Hunter's Hall | 1 | |
| Ancient Protector | 2 | |
| Ancient of Lore | 2 | |
| Tree of Eternity | 1 | |
| Ancient of Wonders | 1 | |
16 total
» build order
00:09 Altar of Elders
00:11 Moon Well
00:50 Moon Well
02:14 Tree of Ages
02:29 Hunter's Hall
03:00 Moon Well
03:33 Ancient Protector
03:38 Ancient Protector
04:46 Ancient of Lore
05:48 Ancient of Lore
05:56 Tree of Eternity
07:27 Moon Well
09:58 Ancient of Wonders
15:03 Moon Well
15:04 Moon Well
15:06 Moon Well
» items
| Boots of Speed | 1 | |
| Periapt of Vitality | 1 | |
| Circlet of Nobility | 1 | |
| Orb of Venom | 1 | |
4 total
HH.unreal (
purple | 62 APM | 1376 actions | 22:14)
6 Death Knight
3 Death Coil
3 Unholy Aura
5 Lich
2 Frost Nova
3 Frost Armor
» actions
| Assign group hotkey | 36 | |
| Build / train | 65 | |
| Enter build submenu | 18 | |
| Enter hero's abilities submenu | 11 | |
| Give item / drop item | 1 | |
| Remove unit from queue | 1 | |
| Right click | 316 | |
| Select / deselect | 295 | |
| Select group hotkey | 553 | |
| Use ability | 80 | |
1376 total
» units
| Acolyte | 7 | |
| Ghoul | 5 | |
| Crypt Fiend | 9 | |
| Frost Wyrm | 7 | |
28 total
» upgrades
| Creature Attack | 3 | |
| Creature Carapace | 2 | |
| Web | 1 | |
| Freezing Breath | 1 | |
7 total
» buildings
| Crypt | 1 | |
| Graveyard | 2 | |
| Altar of Darkness | 2 | |
| Ziggurat | 8 | |
| Tomb of Relics | 1 | |
| Halls of the Dead | 1 | |
| Necropolis | 1 | |
| Black Citadel | 1 | |
| Sacrificial Pit | 1 | |
| Spirit Tower | 2 | |
| Boneyard | 2 | |
22 total
» build order
00:07 Crypt
00:15 Graveyard
00:45 Altar of Darkness
00:53 Altar of Darkness
01:00 Ziggurat
01:27 Tomb of Relics
02:04 Ziggurat
04:50 Halls of the Dead
05:19 Ziggurat
06:16 Necropolis
06:18 Ziggurat
07:55 Black Citadel
08:58 Sacrificial Pit
09:48 Ziggurat
09:50 Spirit Tower
10:32 Boneyard
10:36 Boneyard
11:13 Spirit Tower
11:54 Ziggurat
15:58 Graveyard
19:09 Ziggurat
19:09 Ziggurat
» items
| Rod of Necromancy | 1 | |
| Scroll of Town Portal | 5 | |
| Potion of Healing | 4 | |
| Orb of Corruption | 1 | |
| Potion of Mana | 1 | |
12 total
Chat log
(00:50 / Allies) HH.unreal: fiends wyrms
(00:58 / Allies) Boudinage: i'll see
(01:06 / Allies) HH.unreal: expo me
(05:00 / Allies) Boudinage: all
(05:36 / Allies) rullralle: stun ffs
(05:40 / Allies) Boudinage: cool down
(07:41 / Allies) HH.unreal: come all
(08:09 / Allies) HH.unreal: help here
(08:21 / Allies) HH.unreal: hehe
(10:02 / Allies) HH.unreal: share plz
(10:03 / Allies) HH.unreal: blue
(12:39 / Allies) HH.unreal: prepare tp
(13:03 / All) marcomase: leave
(13:42 / Allies) Krustenkaese11: pls
(13:43 / All) marcomase: leave pleas
(13:46 / All) marcomase: waste of timre
(13:50 / All) marcomase: *time
(14:45 / Allies) Krustenkaese11: tp
(15:30 / Allies) Krustenkaese11: all
(15:42 / All) TheRAE: lol tanks vs mass riders
(15:53 / All) Boudinage: its called a diversion
(17:26 / Allies) Boudinage: dont tp
(17:47 / Allies) HH.unreal: b
(18:07 / Allies) HH.unreal: go
(18:09 / Allies) Krustenkaese11: fight
(18:40 / All) Boudinage: leave
(18:47 / All) Boudinage: dont waste our time
(18:55 / All) HH.unreal: :D:D:D
(19:09 / Allies) Boudinage: next base
(19:17 / Allies) Boudinage: come
(19:21 / Allies) HH.unreal: y
(19:38 / Allies) Krustenkaese11: all
(20:53 / Allies) Boudinage: nice nice
(21:21 / All) N.Kljajic: tp
(22:02 / All) marcomase: freewin
(22:06 / All) marcomase: full nob team
(22:10 / All) Boudinage: yeah yeah
(22:11 / All) marcomase: bie bie noobs
(22:12 / All) Boudinage: blah blah